 Dungeon Crawl Stone Soup version 0.29-a0-334-gb41bcbb86e (webtiles) character file.

Game seed: 4927954944644582807

3419 spaghetti the Covert (level 10, 0/56 HPs)
             Began as an Octopode Necromancer on Apr 14, 2022.
             Was a Believer of Uskayaw.
             Slain by a manticore (21 damage)
             ... on level 6 of the Dungeon.
             The game lasted 00:20:08 (7276 turns).

spaghetti the Covert (Octopode Necromancer)         Turns: 7276, Time: 00:20:09

Health: 0/56       AC:  1    Str: 13    XL:     10   Next: 5%
Magic:  12/16      EV: 21    Int: 26    God:    Uskayaw [**....]
Gold:   122        SH:  0    Dex: 14    Spells: 5/17 levels left

rFire   . . .      SeeInvis .   b - +6 dagger "Xud Fune" {elec, Str+4 Int+7, short}
rCold   . . .      Faith    .   (no shield)
rNeg    . . .      Spirit   .   (helmet restricted)
rPois   .          Reflect  .   G - amulet of regeneration {@e2}
rElec   .          Harm     .   m - ring of willpower
rCorr   .          Rampage  .   r - +4 ring of evasion
Will    +....                   (no ring)
Stlth   +++++.....              (no ring)
HPRegen 0.98/turn               (no ring)
MPRegen 0.15/turn               (no ring)
                                (no ring)
                                (no ring)

@: no status effects
A: almost no armour, amphibious, 8 rings, camouflage 1, gelatinous body 1,
(nimble swimmer 1), tentacles
a: Renounce Religion, Stomp, Line Pass


You were on level 6 of the Dungeon.
You worshipped Uskayaw.
Uskayaw was noncommittal.
You visited 1 branch of the dungeon, and saw 7 of its levels.

You collected 377 gold pieces.
You spent 255 gold pieces at shops.


Innate Abilities, Weirdness & Mutations

You cannot wear most types of armour.
You are amphibious.
You can wear up to eight rings at the same time.
Your skin changes colour to match your surroundings (Stealth+).
Your rubbery body absorbs attacks. (AC +1, EV +1)
((You are camouflaged when in or above water. (Stealth+)))
You have tentacles for arms and can constrict up to eight enemies at once.


   Skills:
 + Level 2.6 Short Blades
 - Level 3.5 Staves
 * Level 8.7 Dodging
 * Level 10.1 Stealth
 - Level 4.0 Spellcasting
 + Level 6.1 Necromancy
 + Level 4.1 Invocations


You had 5 spell levels left.
You knew the following spells:

 Your Spells              Type           Power      Damage    Failure   Level
a - Pain                  Necr           100%       1d9       1%          1
b - Vampiric Draining     Necr           37%        2d8       1%          3
c - Animate Dead          Necr           18%        N/A       7%          4
d - Dispel Undead         Necr           37%        3d15      7%          4

Your spell library contained the following spells:

 Spells                   Type           Power      Damage    Failure   Level
 Animate Skeleton         Necr           74%        N/A       1%          1
 Corpse Rot               Necr/Air       42%        N/A       3%          2
 Agony                    Necr           37%        N/A       19%         5
 Call Canine Familiar     Summ           5%         N/A       26%         3
 Conjure Flame            Conj/Fire      5%         6-21      26%         3
 Frozen Ramparts          Ice            10%        1d3       26%         3
 Gell's Gravitas          Tloc           5%         N/A       26%         3
 Ignite Poison            Fire/Tmut/Pois 5%         N/A       26%         3
 Lesser Beckoning         Tloc           5%         N/A       26%         3
 Mephitic Cloud           Conj/Pois/Air  5%         N/A       26%         3
 Ozocubu's Armour         Ice            5%         N/A       26%         3
 Portal Projectile        Hex/Tloc       10%        N/A       26%         3
 Teleport Other           Tloc           5%         N/A       26%         3
 Ice Form                 Ice/Tmut       5%         N/A       63%         4
 Leda's Liquefaction      Hex/Erth       2%         N/A       63%         4
 Sticky Flame             Conj/Fire      5%         2d3       63%         4
 Summon Ice Beast         Ice/Summ       5%         N/A       63%         4
 Freezing Cloud           Conj/Ice/Air   2%         6-21      93%         5
 Death Channel            Necr           18%        N/A       71%         6
 Ozocubu's Refrigeration  Ice            2%         4d5       100%        7

Inventory:

Hand Weapons
 a - the +6 hand crossbow of the Final Decision {speed, rF++ rC+, crossbow}
   (You bought it in a shop on level 6 of the Dungeon)

   Attacks with this weapon are significantly faster.
   rF:        It greatly protects you from fire.
   rC:        It protects you from cold.
 b - the +6 dagger "Xud Fune" (weapon) {elec, Str+4 Int+7, short}
   (You found it on level 6 of the Dungeon)

   It occasionally discharges a powerful burst of electricity upon striking a
   foe.
   Str:       It affects your strength (+4).
   Int:       It affects your intelligence (+7).
 c - a +0 falchion {long}
   (You found it on level 1 of the Dungeon)
 w - a +1 spear of flaming {polearm}
   (You found it on level 3 of the Dungeon)
 x - a +0 dagger of chaos {short}
   (You took it off an orc on level 3 of the Dungeon)
 y - a +0 club of chaos {mace}
   (You took it off an orc on level 3 of the Dungeon)
 A - a +0 club of chaos {mace}
   (You took it off an orc on level 3 of the Dungeon)
 H - a +1 dagger of chaos {short}
   (You took it off an orc on level 3 of the Dungeon)
Missiles
 f - 82 stones (quivered) {throwing}
 h - 4 curare-tipped darts {=fthrowing}
 z - 4 poisoned darts {throwing}
Magical Staves
 i - a staff of poison {!astaff}
   (You found it on level 5 of the Dungeon)
 l - a staff of fire {!astaff}
   (You found it on level 1 of the Dungeon)
 n - a staff of fire {!astaff}
   (You found it on level 2 of the Dungeon)
Jewellery
 m - a ring of willpower (left tentacle)
   (You found it on level 1 of the Dungeon)
 r - a +4 ring of evasion (right tentacle)
   (You found it on level 3 of the Dungeon)
 G - an amulet of regeneration (around mantle) {@e2}
   (You found it on level 4 of the Dungeon)
Wands
 C - a wand of flame (16)
   (You took it off Ijyb on level 3 of the Dungeon)
Scrolls
 k - a scroll of silence {!r}
 o - a scroll of amnesia
 p - 2 scrolls of fear
 q - a scroll of summoning {unknown}
 s - a scroll of immolation {unknown}
 t - 2 scrolls of magic mapping {!r}
 u - a scroll of enchant weapon {unknown}
 v - 2 scrolls of teleportation {unknown}
 B - a scroll of torment {unknown}
 D - 3 scrolls of blinking {unknown}
 F - 4 scrolls of identify {unknown}
 J - 2 scrolls of fog {unknown}
Potions
 d - a potion of cancellation
 e - a potion of mutation {unknown}
 g - a potion of haste {@q3}
 j - 2 potions of curing {@q1}
 E - a potion of magic
 I - a potion of flight

Dungeon Overview and Level Annotations

Branches:
Dungeon (7/15)             Temple (0/1) D:5

Altars:
Elyvilon
Gozag
Kikubaaqudgha
Makhleb
Nemelex Xobeh
Okawaru
Uskayaw
Xom

Shops:
D:1 (   D:3 [   D:6 ( D:7

= ###. .. ##.... ....
..... #.# ###..###. ..#
####...#.... ..#
##........# #.#####
####....H....###
......###.......@.......
..........##.#........##
......####...#.......##
......#.....<........#
........#.#######.##...
[.......[.# . .# ..#.
......#.### ... .# ...
......[.###.... .# ##
...............


You could see a manticore.


Message History

😕 HP[-5]
You take 5 damage, and now have 48/56 hp.
You hit the gnoll sergeant. You grab the gnoll sergeant.
You squeeze the gnoll sergeant, but do no damage.
You constrict the gnoll sergeant, but do no damage.
The gnoll sergeant hits you with a +0 spear. 😕 HP[-5]
You take 5 damage, and now have 43/56 hp.
You hit the gnoll sergeant.
You squeeze the gnoll sergeant, but do no damage.
You constrict the gnoll sergeant. The gnoll sergeant misses you.
The gnoll hits you with a +0 club. 😮 HP[-5]
You take 5 damage, and now have 38/56 hp.
You hit the gnoll sergeant. You squeeze the gnoll sergeant.
You constrict the gnoll sergeant.
The gnoll sergeant struggles to escape constriction.
The gnoll hits you with a +0 club!
Uskayaw will force your foes to helplessly watch your dance.
Uskayaw prepares the audience for your solo! 😮 HP[-8]
You take 8 damage, and now have 30/56 hp.
The helpless gnoll sergeant fails to defend itself.
You perforate the gnoll sergeant like a sieve!!!
Lightning courses through the gnoll sergeant!
You kill the gnoll sergeant! 😮 HP[+1]
The helpless gnoll fails to defend itself.
You stick the gnoll like a pincushion!!!
You kill the gnoll!
The gnoll is no longer paralysed.
The gnoll closely misses you.
Things that are here:
a +0 spear {polearm}; a +0 scale mail; a +0 buckler 😮 HP[+1]
You hit the gnoll. You grab the gnoll. You squeeze the gnoll.
You constrict the gnoll. The gnoll closely misses you.
Uskayaw will force your foes to share their pain. 😮 HP[+1]
You hit the gnoll.
You kill the gnoll! 😮 HP[+1]
You start resting. 😎 HP[+22]
Your hp is fully restored (56).
You now have 122 gold pieces (gained 8).
Key pressed, stopping explore.
Things that are here:
a +0 ring mail; a +0 short sword {short}; the elf skeleton of Duvessa The +6 dagger "Xud Fune" {elec, Str+4 Int+7, short} stops crackling.
Your tentacles tingle!
a - the +6 hand crossbow of the Final Decision (weapon)
{speed, rF++ rC+, crossbow}
e - an amethyst potion
Things that are here:
a +0 robe of cold resistance; a +0 dagger {short}
I - a potion of flight
Found a stone staircase leading up.
A shadow imp comes into view.
A shadow imp is nearby!
Okay, then.
Unknown command.
You shoot a bolt.
The bolt hits the shadow imp but does no damage.
You shoot a bolt. The bolt hits the shadow imp!
You shoot a bolt. The bolt hits the shadow imp.
You kill the shadow imp!
A manticore is nearby!
You shoot a bolt. The bolt hits the manticore!
You shoot a bolt. The bolt hits the manticore.
You shoot a bolt. The bolt hits the manticore!
You can now pass through a line of other dancers.
You shoot a bolt. The bolt hits the manticore!
You shoot a bolt. The bolt barely misses the manticore.
You shoot a bolt. The bolt hits the manticore.
The manticore flicks its tail.
The volley of spikes misses you.
You shoot a bolt. The bolt barely misses the manticore.
The manticore flicks its tail.
The volley of spikes misses you.
You shoot a bolt.
The bolt hits the manticore but does no damage.
Aiming: Line Pass
Press: ? - help, Dir - move target, p - manticore The manticore appears confused. 😎 MP[-4]
You lost 4 mp, and now have 12/16 mp.
You feel stronger.
You feel clever.
You hear the crackle of electricity.
b - the +6 dagger "Xud Fune" (weapon)
{elec, Str+4 Int+7, short} You hit the manticore but do no damage.
You squeeze the manticore.
The manticore seems less confused.
The manticore closely misses you. The manticore misses you.
The manticore closely misses you.
You hit the manticore. The manticore bites you!!
The manticore completely misses you. The manticore claws you!
* * * LOW HITPOINT WARNING * * *
😨 HP[-36]
You take 36 damage, and now have 20/56 hp.
MASSIVE DAMAGE!! (PAUSE)
You barely miss the manticore. You squeeze the manticore.
The manticore bites you!!
You die...

Skill      XL: |  1  2  3  4  5  6  7  8  9 10 |
---------------+-------------------------------+-----
Dodging        | 3 4 5 6 7 8 |  8.7
Stealth        | 4 5 7 9 10 | 10.1
Staves         | 1 2 3 |  3.5
Spellcasting   | 3 4 |  4.0
Invocations    | 2 3 4 |  4.1
Necromancy     | 5 6 |  6.1
Short Blades   | 2 |  2.6

Action                   |  1- 3 |  4- 6 |  7- 9 | 10-12 || total
-------------------------+-------+-------+-------+-------++-------
Melee: Falchion          |    33 |    20 |       |       ||    53
       Tentacles         |     6 |    23 |    37 |     6 ||    72
       Constrict         |     4 |    22 |    38 |     2 ||    66
       Dagger            |       |    79 |   218 |    11 ||   308
       Punch             |       |       |     3 |       ||     3
 Fire: Hand crossbow     |       |       |    69 |    23 ||    92
Throw: Stone             |    53 |   120 |    46 |       ||   219
       Dart              |       |       |     2 |       ||     2
 Cast: Pain              |    30 |       |    12 |       ||    42
       Animate Skeleton  |       |     2 |     3 |       ||     5
Invok: Line Pass         |       |     1 |     5 |     1 ||     7
       Stomp             |       |       |     1 |       ||     1
Evoke: Wand              |       |     1 |     2 |       ||     3
  Use: Potion            |       |     6 |    10 |       ||    16
       Scroll            |       |       |     5 |       ||     5
 Stab: Sleeping          |       |     3 |     2 |       ||     5
       Paralysed         |       |     2 |    10 |     2 ||    14
       Confused          |       |     2 |     1 |       ||     3
       Invisible         |       |       |     2 |       ||     2
Armor: Skin              |     4 |     6 |    17 |       ||    27
Dodge: Dodged            |    16 |    83 |   211 |     9 ||   319

Levels and vault maps discovered:
D:1:      onia_arrival_pentagram, layout_basic, serial_shops,
          nicolae_shop_bloodbath_and_beyond, serial_corexii_hall,
          corexii_hall_statues_i, corexii_hall_statues_deadend
D:2:      layout_loops_ring, hellmonk_ecumenical_altar_zigzags
D:3:      layout_basic, tgw_xom, serial_shops, nicolae_shop_behind_doors,
          kennysheep_generic_room_8, uniq_terence, uniq_ijyb
D:4:      layout_basic, serial_curves, eino_curves_04, eino_curves_04,
          nrook_campfire, uniq_eustachio
D:5:      layout_rooms, lemuel_tele_altar, okawaru_altar_gauntlet_db,
          lightli_temple_of_fire, nemelex_xobeh_ov_fountains_minmay,
          minmay_temple_entry_junction
D:6:      layout_rooms, mainiacjoe_overflow_boulevard, serial_shops, shop,
          chequers_serial_rivers_micro_a, minmay_starry_boxes, uniq_duvessa,
          uniq_menkaure, uniq_sigmund
D:7:      layout_rooms, kiku_gazebo_garden_becter, serial_shops,
          nicolae_shop_competitors_out_of_business

Notes
Turn   | Place    | Note
-------+----------+-------------------------------------------
     0 | D:1      | spaghetti the Octopode Necromancer began the quest for the
                  | Orb.
     0 | D:1      | Reached XP level 1. HP: 11/11 MP: 3/3
     0 | D:1      | magus.rc [v1.9.6]
   324 | D:1      | Reached XP level 2. HP: 16/17 MP: 3/5
   601 | D:1      | Reached skill level 3 in Dodging
   713 | D:1      | Found Ciuthaal's Weapon Shop.
  1136 | D:1      | Reached XP level 3. HP: 19/21 MP: 3/6
  1286 | D:1      | You add the spells Conjure Flame, Ignite Poison and Sticky
                  | Flame to your library.
  1502 | D:1      | Learned a level 1 spell: Animate Skeleton
  1833 | D:2      | Reached skill level 4 in Dodging
  1900 | D:2      | Found a faded altar of an unknown god.
  1922 | D:2      | Prayed at the altar of an unknown god.
  1922 | D:2      | Became a worshipper of Uskayaw the Reveller
  1922 | D:2      | Reached * piety under Uskayaw
  1942 | D:2      | Reached ** piety under Uskayaw
  2050 | D:2      | You pick up a book of Displacement and begin reading...
  2050 | D:2      | You add the spells Lesser Beckoning, Gell's Gravitas and
                  | Teleport Other to your library.
  2162 | D:2      | Reached XP level 4. HP: 22/27 MP: 7/7
  2888 | D:3      | Reached *** piety under Uskayaw
  2890 | D:3      | Reached **** piety under Uskayaw
  2903 | D:3      | Found a shimmering altar of Xom.
  3060 | D:3      | Noticed Ijyb
  3076 | D:3      | Killed Ijyb
  3206 | D:3      | Found Kighir's Antique Armour Shoppe.
  3225 | D:3      | You pick up a book of Decay and begin reading...
  3225 | D:3      | You add the spells Corpse Rot, Dispel Undead and Death
                  | Channel to your library.
  3248 | D:3      | Noticed Terence
  3261 | D:3      | Killed Terence
  3262 | D:3      | Reached skill level 5 in Dodging
  3262 | D:3      | Reached XP level 5. HP: 15/31 MP: 3/8
  3432 | D:3      | You add the spells Ozocubu's Armour and Ozocubu's
                  | Refrigeration to your library.
  3443 | D:3      | Learned a level 4 spell: Animate Dead
  3903 | D:4      | Reached skill level 3 in Stealth
  4083 | D:4      | Noticed Eustachio
  4108 | D:4      | Killed Eustachio
  4109 | D:4      | Reached skill level 1 in Staves
  4109 | D:4      | Reached skill level 4 in Stealth
  4109 | D:4      | Reached XP level 6. HP: 29/36 MP: 7/10
  4495 | D:4      | Learned a level 4 spell: Dispel Undead
  4511 | D:4      | Reached skill level 3 in Spellcasting
  4600 | D:4      | Reached XP level 7. HP: 35/41 MP: 11/11
  4689 | D:4      | Reached skill level 6 in Dodging
  4934 | D:5      | Entered Level 5 of the Dungeon
  4938 | D:5      | Found a sparkling altar of Nemelex Xobeh.
  4963 | D:4      | Reached skill level 5 in Stealth
  5016 | D:5      | Found a staircase to the Ecumenical Temple.
  5141 | D:5      | Reached skill level 2 in Staves
  5143 | D:5      | HP: 10/41 [poisoned by an adder]
  5148 | D:5      | HP: 7/41 [poisoned by an adder]
  5257 | D:5      | Found an opulent altar of Gozag.
  5599 | D:5      | HP: 9/41 [something/puff of flame (10)]
  5640 | D:5      | Learned a level 3 spell: Vampiric Draining
  5914 | D:5      | Found an iron altar of Okawaru.
  5993 | D:5      | Found a burning altar of Makhleb.
  6109 | D:6      | Found Enweum's Antique Weapon Emporium.
  6109 | D:6      | Found a white marble altar of Elyvilon.
  6122 | D:6      | Noticed Sigmund
  6221 | D:6      | Reached XP level 8. HP: 35/46 MP: 13/13
  6313 | D:6      | Killed Sigmund
  6314 | D:6      | Reached skill level 6 in Stealth
  6314 | D:6      | Reached skill level 4 in Spellcasting
  6358 | D:6      | Bought a bloodstained hand crossbow for 255 gold pieces
  6358 | D:6      | Identified the +6 hand crossbow of the Final Decision
                  | {speed, rF++ rC+} (You bought it in a shop on level 6 of
                  | the Dungeon)
  6373 | D:6      | Reached skill level 1 in Invocations
  6412 | D:6      | Reached skill level 7 in Dodging
  6413 | D:6      | Reached skill level 3 in Staves
  6413 | D:6      | Reached skill level 7 in Stealth
  6413 | D:6      | Reached skill level 5 in Necromancy
  6515 | D:6      | Identified the +6 dagger "Xud Fune" {elec, Str+4 Int+7}
  6549 | D:6      | You pick up a book of the Hunter and begin reading...
  6549 | D:6      | You add the spells Call Canine Familiar, Portal Projectile
                  | and Leda's Liquefaction to your library.
  6554 | D:6      | Noticed Dowan
  6556 | D:6      | Noticed Duvessa
  6558 | D:6      | Killed Dowan
  6559 | D:6      | Reached skill level 2 in Invocations
  6565 | D:6      | Killed Duvessa
  6581 | D:6      | Noticed a manticore
  6593 | D:7      | Reached XP level 9. HP: 51/51 MP: 15/15
  6615 | D:7      | Reached skill level 8 in Stealth
  6698 | D:7      | Noticed a two-headed ogre
  6714 | D:7      | Killed a two-headed ogre
  6715 | D:7      | Reached skill level 1 in Short Blades
  6715 | D:7      | Reached skill level 8 in Dodging
  6715 | D:7      | Reached skill level 9 in Stealth
  6715 | D:7      | Reached skill level 3 in Invocations
  6805 | D:7      | Reached ***** piety under Uskayaw
  6807 | D:7      | Reached skill level 2 in Short Blades
  6884 | D:7      | Reached skill level 6 in Necromancy
  6932 | D:7      | Found Yvosuekh's Jewellery Shoppe.
  7006 | D:7      | Found an ancient bone altar of Kikubaaqudgha.
  7015 | D:7      | You pick up a book of Rime and begin reading...
  7015 | D:7      | You add the spells Frozen Ramparts, Ice Form and Summon Ice
                  | Beast to your library.
  7022 | D:7      | You add the spells Mephitic Cloud and Freezing Cloud to
                  | your library.
  7151 | D:7      | Reached XP level 10. HP: 44/56 MP: 16/16
  7174 | D:6      | Reached skill level 10 in Stealth
  7174 | D:6      | Reached skill level 4 in Invocations
  7276 | D:6      | Slain by a manticore

Vanquished Creatures
  A two-headed ogre (D:7)
  Sigmund (D:6)
  Eustachio (D:4)
  Duvessa (D:6)
  3 water moccasins (D:7)
  2 orc warriors
  A sky beast (D:7)
  An ice beast (D:7)
  A black bear (D:4)
  2 ogres
  A phantom (D:6)
  A kobold brigand (D:4)
  2 bullfrogs
  A gnoll sergeant (D:6)
  2 scorpions
  A necrophage (D:6)
  5 wights (D:7)
  Dowan (D:6)
  6 hounds
  A jelly (D:5)
  An orc priest (D:6)
  Terence (D:3)
  An iguana (D:4)
  3 orc wizards
  Ijyb (D:3)
  5 gnolls
  9 adders
  2 shadow imps (D:6)
  A white imp (D:6)
  3 ufetubi
  3 worms
  3 dart slugs
  14 orcs
  6 ball pythons
  5 bats
  8 endoplasms
  5 giant cockroaches
  14 goblins
  5 hobgoblins
  7 kobolds
  3 quokkas
  4 frilled lizards
  6 rats
145 creatures vanquished.

Vanquished Creatures (collateral kills)
  An orc (D:5)
1 creature vanquished.

Vanquished Creatures (others)
  4 fungi (D:6)
  5 withered plants (D:7)
9 creatures vanquished.

Grand Total: 155 creatures vanquished

Table legend:
 A = Non-vault XP
 B = Vault XP
 C = Vault XP percentage of total XP
 D = Non-vault monster count
 E = Vault monster count
 F = Vault count percentage of total count
                 A         B        C        D         E       F
            +---------+---------+-------+---------+---------+-------
      Total |    4122 |     763 |  15.6 |     128 |      18 |  12.3
            +---------+---------+-------+---------+---------+-------
        D:1 |      49 |       0 |   0.0 |      27 |       0 |   0.0
        D:2 |      39 |       0 |   0.0 |      13 |       0 |   0.0
        D:3 |      30 |      88 |  74.6 |      12 |       8 |  40.0
        D:4 |     493 |     196 |  28.4 |      23 |       1 |   4.2
        D:5 |     274 |      24 |   8.1 |      13 |       6 |  31.6
        D:6 |     844 |     455 |  35.0 |      19 |       3 |  13.6
        D:7 |    2393 |       0 |   0.0 |      21 |       0 |   0.0
            +---------+---------+-------+---------+---------+-------

Illustrated notes

Table legend:
 A = Kills in this place as a percentage of kills in entire the game.
 B = Kills by you in this place as a percentage of kills by you in the entire game.
 C = Kills by friends in this place as a percentage of kills by friends in the entire game.
 D = Other kills in this place as a percentage of other kills in the entire game.
 E = Experience gained in this place as a percentage of experience gained in the entire game.
 F = Experience gained in this place divided by the number of levels of this place that you have seen.
                   A       B       C       D       E      F
               +-------+-------+-------+-------+-------+----------------------
         Total | 100.0 | 100.0 | 100.0 |   N/A | 100.0 | 697.9
       Dungeon | 100.0 | 100.0 | 100.0 |   N/A | 100.0 | 697.9
               +-------+-------+-------+-------+-------+----------------------

Table legend: (Time is in decaauts)
 A = Elapsed time spent in this place.
 B = Non-inter-level travel time spent in this place.
 C = Inter-level travel time spent in this place.
 D = Time resting spent in this place.
 E = Time spent auto-exploring this place.
 F = Levels seen in this place.
 G = Mean time per level.
                   A        B        C        D        E       F      G
               +--------+--------+--------+--------+--------+-----+--------+
         Total |   7246 |   7024 |    222 |   1305 |   4471 |   7 | 1035.1 |
       Dungeon |   7246 |   7024 |    222 |   1305 |   4471 |   7 | 1035.1 |
               +--------+--------+--------+--------+--------+-----+--------+

Top non-repeatable levels by time:
     D:1: 1608 daAuts
     D:3: 1277 daAuts
     D:4: 1189 daAuts
     D:5: 1064 daAuts
     D:2: 1022 daAuts
     D:7: 564 daAuts
     D:6: 518 daAuts
